 Dungeon Crawl Stone Soup version 0.26.1-11-gd32895ea62 (webtiles) character file.

Game seed: 16475163611416724814

578 Gabide the Poker (level 7, -7/50 (53) HPs)
             Began as a Human Monk on July 23, 2021.
             Was a Believer of Fedhas.
             Killed from afar by Crazy Yiuf (14 damage)
             ... with a puff of flame
             ... on level 4 of the Dungeon.
             The game lasted 00:08:42 (4966 turns).

Gabide the Poker (Human Monk)                       Turns: 4966, Time: 00:08:43

HP:   -7/50 (53)    AC:  5    Str: 13    XL:     7   Next: 62%
MP:   7/7           EV: 12    Int: 11    God:    Fedhas [**....]
Gold: 135           SH: 10    Dex: 15    Spells: 6/6 levels left

rFire    . . .     SeeInvis .   a - +0 spear
rCold    . . .     Faith    .   k - +0 buckler
rNeg     . . .     Spirit   .   b - +0 ring mail
rPois    .         Reflect  +   (no helmet)
rElec    .         Harm     .   (no cloak)
rCorr    .         Rampage  .   (no gloves)
Will     .....                  (no boots)
Stlth    ++........             h - amulet of reflection
HPRegen  0.16/turn              (no ring)
MPRegen  0.10/turn              (no ring)

@: very slightly contaminated, drained
A: no striking features
a: Renounce Religion, Wall of Briars


You were on level 4 of the Dungeon.
You worshipped Fedhas.
Fedhas was pleased with you.
You visited 1 branch of the dungeon, and saw 4 of its levels.

You collected 135 gold pieces.

Inventory:

Hand Weapons
 a - a +0 spear (weapon)
Armour
 b - a +0 ring mail (worn)
 k - a +0 buckler (worn)
Jewellery
 c - an uncursed ring of resist corrosion {unknown}
 h - an amulet of reflection (around neck)
Wands
 l - a wand of random effects (20)
Scrolls
 e - a scroll of immolation
 g - 4 scrolls of identify
 j - 2 scrolls of remove curse
 n - a scroll of teleportation
 o - a scroll of enchant armour {unknown}
Potions
 d - 3 potions of flight
 f - a potion of lignification
 i - a potion of curing
 m - a potion of magic {unknown}
 p - a potion of resistance {unknown}


   Skills:
 + Level 3.8 Fighting
 * Level 5.7 Polearms
 + Level 2.3 Armour
 + Level 3.9 Dodging
 + Level 2.6 Stealth
 * Level 3.0 Shields
 + Level 0.5 Evocations


You had 6 spell levels left.
You didn't know any spells.
Your spell library was empty.

Dungeon Overview and Level Annotations

Branches:
Dungeon (4/15)             Temple (0/1) D:4

Altars:
Fedhas

Shops:
D:4 (

Annotations:
D:4 Crazy Yiuf


Message History

You hit something. Something hits you but does no damage.
You feel drained.
You miss something.
You hear a zap.
A puff of flame appears from out of thin air!
The puff of flame hits you!
You miss something. Something hits you but does no damage.
You closely miss something. You hit something but do no damage.
Something hits you!
You feel drained.
* * * LOW HITPOINT WARNING * * *
You flicker for a moment.
You hear a zap.
A puff of flame appears from out of thin air!
The puff of flame hits you!
* * * LOW HITPOINT WARNING * * *
You flicker back into view.
You hear a zap.
A puff of flame appears from out of thin air!
The puff of flame hits you!
You die...
Fedhas appreciates your contribution to the ecosystem.

♣.♣♣ ##..........
♣♣.♣ #...........
♣.♣♣ ###.........
♣♣{♣♣ ##.......#
♣...♣♣ ##.....##
♣....♣ ##...##
#....# ##'##
##..## ### #.#
#.@.# #.# #.#
##.####.# ##.####
#......#####.>.#..
######............
#######...#.#
##.##.# ####.. ###


There were no monsters in sight!

Vanquished Creatures
  Grinder (D:4)
  A hound (D:4)
  An orc wizard (D:3)
  A bullfrog skeleton (D:4)
  2 jellies (D:2)
  An orc priest (D:3)
  2 worker ants (D:4)
  4 gnolls (D:4)
  4 adders
  3 oozes
  3 worms
  2 leopard geckos (D:1)
  3 orcs
  4 giant cockroaches
  5 goblins
  9 hobgoblins
  5 jackals (D:3)
  11 kobolds
  A quokka (D:3)
  A ball python (D:4)
  9 bats
  2 frilled lizards (D:1)
  4 rats
79 creatures vanquished.

Vanquished Creatures (collateral kills)
  An ogre (D:4)
1 creature vanquished.

Vanquished Creatures (others)
  3 fungi (D:2)
  6 toadstools (D:2)
9 creatures vanquished.

Grand Total: 89 creatures vanquished

Notes
Turn   | Place    | Note
-------+----------+-------------------------------------------
     0 | D:1      | Gabide the Human Monk began the quest for the Orb.
     0 | D:1      | Reached XP level 1. HP: 18/18 MP: 1/1
   125 | D:1      | Reached XP level 2. HP: 17/24 MP: 2/2
   428 | D:1      | Reached XP level 3. HP: 29/29 MP: 3/3
  1586 | D:2      | Reached XP level 4. HP: 21/35 MP: 4/4
  1908 | D:2      | Reached skill level 4 in Polearms
  1926 | D:2      | Reached skill level 1 in Shields
  1926 | D:2      | Reached XP level 5. HP: 31/41 MP: 5/5
  2134 | D:2      | You fall into a shaft and drop 2 floors!
  2134 | D:4      | Found a blossoming altar of Fedhas.
  2137 | D:4      | Became a worshipper of Fedhas Madash
  2137 | D:4      | Reached * piety under Fedhas
  2137 | D:4      | Reached ** piety under Fedhas
  2884 | D:3      | Reached XP level 6. HP: 26/47 MP: 6/6
  2937 | D:3      | Reached skill level 5 in Polearms
  2937 | D:3      | Reached skill level 1 in Armour
  3715 | D:4      | Noticed an ogre
  3737 | D:4      | Killed an ogre
  3908 | D:4      | Noticed Grinder
  3930 | D:4      | Killed Grinder
  3931 | D:4      | Reached XP level 7. HP: 53/53 MP: 4/7
  4285 | D:4      | Found a staircase to the Ecumenical Temple.
  4658 | D:4      | Found Exken's Antique Weapon Shoppe.
  4850 | D:4      | Found a runed translucent door.
  4851 | D:4      | Noticed Crazy Yiuf
  4966 | D:4      | Killed from afar by Crazy Yiuf

Illustrated notes

Levels and vault maps discovered:
D:1:      dpeg_arrival_long_road, layout_basic
D:2:      cheibrodos_fertilizer, layout_basic
D:3:      layout_loops_ring, minmay_surrounded
D:4:      layout_loops_corners, fedhas_altar_1,
          minmay_temple_entry_antechambers, serial_shops, shop,
          uniq_crazy_yiuf_cottage, uniq_grinder

Skill      XL: |  1  2  3  4  5  6  7 |
---------------+----------------------+-----
Polearms       | 4 5 |  5.7
Shields        | 1 2 3 |  3.0
Armour         | 1 2 |  2.3
Fighting       | |  3.8
Dodging        | |  3.9
Stealth        | |  2.6
Evocations     | |  0.5

Action                   |  1- 3 |  4- 6 |  7- 9 || total
-------------------------+-------+-------+-------++-------
Melee: Spear             |   159 |   250 |   109 ||   518
Invok: Wall of Briars    |       |     2 |       ||     2
Evoke: Wand              |       |     5 |       ||     5
  Use: Scroll            |     6 |     7 |       ||    13
       Potion            |       |     3 |       ||     3
 Stab: Sleeping          |     4 |     3 |     2 ||     9
       Distracted        |       |       |     1 ||     1
Armor: Robe              |    16 |       |       ||    16
       Ring mail         |     4 |    35 |    12 ||    51
       Leather armour    |     2 |       |       ||     2
Dodge: Dodged            |    71 |    78 |    26 ||   175
Block: Buckler           |     5 |    72 |    30 ||   107
       Reflection        |       |     1 |       ||     1
